 Dungeon Crawl Stone Soup version 0.31-a0-188-g5e087ee2ca (webtiles) character file.

Game seed: 5235437629493900922

173 qw the Skirmisher (level 5, 0/29 HPs)
             Began as a Deep Elf Hunter on June 23, 2023.
             Slain by a gnoll
             ... wielding a +0 club
              (6 damage)
             ... on level 3 of the Dungeon.
             The game lasted 00:00:52 (1969 turns).

qw the Skirmisher (Deep Elf Hunter)                 Turns: 1969, Time: 00:00:52

Health: 0/29       AC:  8    Str: 10    XL:     5   Next: 28%
Magic:  7/7        EV: 11    Int: 14    God:
Gold:   106        SH:  0    Dex: 18    Spells: 4/4 levels left

rFire   . . .        Y - +0 shortbow
rCold   . . .        (shield currently unavailable)
rNeg    . . .        e - +0 ring mail
rPois   .            g - +1 helmet
rElec   .            (no cloak)
rCorr   .            (no gloves)
SInv    .            k - +0 pair of boots
Will    .....        j - amulet of faith
Stlth   +            (no ring)
HPRegen 0.24/turn    (no ring)
MPRegen 0.10/turn

%: faith
@: about to teleport
A: no striking features
a: no special abilities


You were on level 3 of the Dungeon.
You visited 1 branch of the dungeon, and saw 3 of its levels.

You collected 150 gold pieces.
You spent 44 gold pieces at shops.


   Skills:
 - Level 1.5 Fighting
 + Level 8.7 Ranged Weapons
 - Level 2.4 Dodging
 - Level 1.2 Stealth


You had 4 spell levels left.
You didn't know any spells.
Your spell library was empty.

Inventory:

Hand Weapons
 Y - a +0 shortbow (weapon)
Armour
 e - a +0 ring mail (worn)
 g - a +1 helmet (worn)
 k - a +0 pair of boots (worn)
Jewellery
 d - an amulet of reflection
 j - an amulet of faith (around neck)
Scrolls
 a - a scroll of torment {unknown}
 c - a scroll of enchant weapon {unknown}
 i - 3 scrolls of identify
 m - a scroll of poison {unknown}
Potions
 f - a potion of haste {unknown}
 h - a potion of heal wounds {unknown}
 l - a potion of might {unknown}

Dungeon Overview and Level Annotations

Branches:
Dungeon (3/15)

Altars:

Shops:
D:1 ??   D:2 [


Message History

You shoot an arrow.
The arrow hits the gnoll but does no damage.
The gnoll is moderately wounded.
The gnoll closely misses you. The gnoll misses you.
You shoot an arrow. The arrow hits the gnoll.
The gnoll is heavily wounded.
The gnoll hits you from afar with a +0 halberd.
You shoot an arrow.
The arrow hits the gnoll but does no damage.
The gnoll misses you. The gnoll barely misses you.
You shoot an arrow.
The arrow hits the gnoll but does no damage.
The gnoll barely misses you. The gnoll closely misses you.
You shoot an arrow. The arrow completely misses the gnoll.
The arrow hits the gnoll!
You kill the gnoll!
The gnoll hits you with a +0 club.
You shoot an arrow. The arrow hits the gnoll.
The gnoll is moderately wounded.
The gnoll hits you but does no damage.
You shoot an arrow.
The arrow hits the gnoll but does no damage.
The gnoll is moderately wounded.
The gnoll hits you with a +0 club.
You shoot an arrow. The arrow closely misses the gnoll.
The gnoll barely misses you.
You shoot an arrow. The arrow hits the gnoll.
The gnoll is heavily wounded.
The gnoll hits you with a +0 club.
You shoot an arrow. The arrow completely misses the gnoll.
The gnoll misses you.
You shoot an arrow. The arrow closely misses the gnoll.
The gnoll hits you with a +0 club. The gnoll hits you but does no damage.
1968 ||| READING scroll of teleportation.
As you read the scroll of teleportation, it crumbles to dust.
You feel strangely unstable. The gnoll closely misses you.
You shoot an arrow. The arrow closely misses the gnoll.
The gnoll hits you with a +0 club.
You die...

...............#
########........#
#...............#
#..#.#..........#
#..#..%#........#
#......#.#+######
#.....<....#
#.######.### #
#.@g)).# #.##.#.#
#.#..#.# #.#..#.#
#.##.#g# #. #.#.#
#. #.#.g #. #.###
..#


You could see a gnoll.

Vanquished Creatures
  2 gnolls (D:3)
  9 adders
  2 worms (D:2)
  A dart slug (D:2)
  An orc (D:3)
  5 ball pythons
  A bat (D:3)
  2 endoplasms (D:2)
  6 giant cockroaches
  6 goblins
  3 hobgoblins
  4 jackals (D:1)
  10 kobolds
  4 quokkas
  A frilled lizard (D:1)
  5 rats
62 creatures vanquished.

Notes
Turn   | Place    | Note
-------+----------+-------------------------------------------
     0 | D:1      | qw the Deep Elf Hunter began the quest for the Orb.
     0 | D:1      | Reached XP level 1. HP: 12/12 MP: 3/3
     0 | D:1      | 0 ||| qw: Version: 0.3-a-9-g12657ce
     0 | D:1      | 0 ||| qw: Game counter: 3611
     0 | D:1      | 0 ||| qw: Always use a shield: true
     0 | D:1      | 0 ||| qw: God list: Okawaru
     0 | D:1      | 0 ||| qw: Allow faded altars: false
     0 | D:1      | 0 ||| qw: Do Orc after D:15 true
     0 | D:1      | 0 ||| qw: Do second Lair branch before Depths: true
     0 | D:1      | 0 ||| qw: Lair rune preference: random
     0 | D:1      | 0 ||| qw: Plans: Normal
     0 | D:1      | 0 ||| PLANNING D:1-11
    38 | D:1      | Reached skill level 6 in Ranged Weapons
    38 | D:1      | Reached XP level 2. HP: 16/16 MP: 4/4
   152 | D:1      | Found Ilithraff's Magic Scroll Shoppe.
   152 | D:1      | Found Cualugg's Magic Scroll Boutique.
   161 | D:1      | 161 ||| SHOPLISTING scroll of enchant armour (90 gold, have
                  | 7).
   161 | D:1      | 161 ||| SHOPLISTING scroll of teleportation (36 gold, have
                  | 7).
   167 | D:1      | 167 ||| SHOPLISTING scroll of identify (20 gold, have 7).
   377 | D:1      | 377 ||| UPGRADING to +1 helmet.
   382 | D:1      | 382 ||| UPGRADING to +0 pair of boots.
   387 | D:1      | 387 ||| UPGRADING to amulet of reflection.
   392 | D:1      | 392 ||| READING scroll labelled MIL OBRINUL.
   393 | D:1      | 393 ||| READING scroll labelled JUAHORH TOHUN.
   394 | D:1      | 394 ||| READING scroll labelled USCHIB AMNOUF.
   395 | D:1      | 395 ||| DROPPING scroll of butterflies.
   440 | D:2      | Reached XP level 3. HP: 19/20 MP: 5/5
   472 | D:2      | Reached skill level 7 in Ranged Weapons
   523 | D:2      | Found Deusk's Armour Shoppe.
   536 | D:2      | 536 ||| SHOPLISTING +0 mask of the Dragon {Will+ Slay+3
                  | SInv} (367 gold, have 46).
   536 | D:2      | 536 ||| BUYING +0 ring mail (44 gold).
   536 | D:2      | Bought a +0 ring mail for 44 gold pieces
   536 | D:2      | 536 ||| SHOPLISTING +2 troll leather armour (297 gold, have
                  | 2).
   536 | D:2      | 536 ||| SHOPLISTING +4 ring mail "Cybaqago" {-Tele rPois
                  | rC+++ Int-5} (579 gold, have 2).
   568 | D:2      | Reached XP level 4. HP: 25/25 MP: 6/6
   931 | D:2      | Reached skill level 8 in Ranged Weapons
  1168 | D:2      | 1168 ||| UPGRADING to +0 ring mail.
  1178 | D:2      | 1178 ||| DROPPING +0 leather armour.
  1179 | D:2      | 1179 ||| UPGRADING to amulet of faith.
  1189 | D:2      | 1189 ||| READING scroll labelled MACUHA IDDELO.
  1192 | D:2      | 1192 ||| READING scroll labelled OMICAUCALU.
  1386 | D:3      | HP: 6/25 [poisoned by an adder]
  1444 | D:3      | 1444 ||| FLEEEEING.
  1445 | D:3      | 1445 ||| STAIRDANCE
  1480 | D:2      | 1480 ||| READING scroll labelled OLLIOXZU BIQA.
  1481 | D:2      | 1481 ||| READING 2 scrolls of identify.
  1481 | D:2      | 1481 ||| IDENTIFYING fizzy yellow potion
  1482 | D:2      | 1482 ||| DROPPING potion of degeneration.
  1546 | D:3      | Reached XP level 5. HP: 29/29 MP: 7/7
  1948 | D:3      | 1948 ||| Stepping ~*~*~tactically~*~*~ (outnumbered).
  1967 | D:3      | HP: 5/29 [gnoll/+0 club (4)]
  1968 | D:3      | 1968 ||| READING scroll of teleportation.
  1969 | D:3      | Slain by a gnoll

Levels and vault maps discovered:
D:1:      lightli_iron_boxes, layout_basic, serial_shops, shop, shop,
          minmay_misc_feat_hallway
D:2:      minmay_evil_eye, layout_basic, serial_shops,
          nicolae_shop_tiny_statue_garden
D:3:      layout_basic, minmay_checkerbox

Skill      XL: |  1  2  3  4 |
---------------+-------------+-----
Ranged Weapons | 6 7 8 |  8.7
Fighting       | |  1.5
Dodging        | |  2.4
Stealth        | |  1.2

Action                     |  1- 3 |  4- 6 || total
---------------------------+-------+-------++-------
   Fire: Shortbow          |    65 |   106 ||   171
    Use: Scroll            |     3 |     5 ||     8
 Armour: Leather armour    |     1 |       ||     1
         Ring mail         |       |    11 ||    11
  Dodge: Dodged            |     6 |    29 ||    35
  Block: Other             |     1 |       ||     1

Table legend:
 A = Non-vault XP
 B = Vault XP
 C = Vault XP percentage of total XP
 D = Non-vault monster count
 E = Vault monster count
 F = Vault count percentage of total count
                 A         B        C        D         E       F
            +---------+---------+-------+---------+---------+-------
      Total |     235 |      13 |   5.2 |      54 |       8 |  12.9
            +---------+---------+-------+---------+---------+-------
        D:1 |      29 |       0 |   0.0 |      16 |       0 |   0.0
        D:2 |     114 |       7 |   5.8 |      20 |       4 |  16.7
        D:3 |      92 |       6 |   6.1 |      18 |       4 |  18.2
            +---------+---------+-------+---------+---------+-------
